 Dungeon Crawl Stone Soup version 0.28-a0-1199-gef9e1dbd39 (webtiles) character file.

Game seed: 3919934378154270980

9002 bearlyready the Fencer (level 11, -2/92 HPs)
             Began as a Minotaur Delver on Dec 20, 2021.
             Was a High Priest of Okawaru.
             Slain by a centaur warrior simulacrum (17 damage)
             ... on level 11 of the Dungeon.
             The game lasted 00:27:24 (12018 turns).

bearlyready the Fencer (Minotaur Delver)           Turns: 12018, Time: 00:27:24

Health: -2/92      AC: 12    Str: 22    XL:     11   Next: 17%
Magic:  15/15      EV:  8    Int: 15    God:    Okawaru [*****.]
Gold:   585        SH:  0    Dex: 11    Spells: 10/10 levels left

rFire   . . .      SeeInvis .   F - +4 scimitar
rCold   . . .      Faith    .   (no shield)
rNeg    . . .      Spirit   .   u - +0 storm dragon scales
rPois   .          Reflect  .   (helmet restricted)
rElec   +          Harm     .   Q - +0 cloak
rCorr   +          Rampage  .   (no gloves)
Will    +....                   i - +0 pair of boots
Stlth   ..........              O - amulet of regeneration
HPRegen 1.05/turn               K - ring of resist corrosion
MPRegen 0.14/turn               q - +6 ring of intelligence

@: no status effects
A: horns 2, retaliatory headbutt, clever 1, strong-willed 1, MP-powered wands
a: Renounce Religion, Heroism, Finesse, Duel


You were on level 11 of the Dungeon.
You worshipped Okawaru.
Okawaru was extremely pleased with you.
You visited 2 branches of the dungeon, and saw 12 of its levels.
You also visited: Ossuary.

You collected 585 gold pieces.

Inventory:

Hand Weapons
 a - a +0 falchion
 o - a +2 vorpal falchion
 E - a +0 fustibalus
 F - a +4 scimitar (weapon)
 N - a +0 falchion of electrocution
 R - the +3 Elemental Staff {rElec rF++ rC++ AC+5}
   (You took it off a deep elf pyromancer on level 8 of the Dungeon)

   If the wielder is skilled in Evocations, they can discharge powerful blasts
   of elemental energy when striking with it.
   It enhances your fire, ice, earth and air magic.
   AC:        It affects your AC (+5).
   rF:        It greatly protects you from fire.
   rC:        It greatly protects you from cold.
   rElec:     It insulates you from electricity.
Missiles
 h - 391 stones
 m - 53 sling bullets
 t - 11 boomerangs
 x - 62 bolts
 C - 57 poisoned darts
 U - a boomerang of dispersal (quivered)
Armour
 b - a +2 pair of gloves
 i - a +0 pair of boots (worn)
 n - the +1 ring mail of Wrong Decisions {-Cast rC+ Regen+}
   (You found it on level 8 of the Dungeon)

   rC:        It protects you from cold.
   -Cast:     It prevents spellcasting.
   Regen:     It increases your rate of health regeneration.
 u - +0 storm dragon scales (worn)
 M - the +0 leather armour of Voama {rElec Int+2}
   (You found it on level 6 of the Dungeon)

   Int:       It affects your intelligence (+2).
   rElec:     It insulates you from electricity.
 Q - a +0 cloak (worn)
Jewellery
 q - a +6 ring of intelligence (right hand)
 K - a ring of resist corrosion (left hand)
 O - an amulet of regeneration (around neck)
Wands
 g - a wand of digging (3)
 k - a wand of acid (14)
 B - a wand of mindburst (9)
 L - a wand of flame (8)
Scrolls
 c - 4 scrolls of fog
 e - 3 scrolls of fear
 j - a scroll of summoning {unknown}
 l - 3 scrolls of noise {unknown}
 w - 7 scrolls of teleportation {unknown}
 y - a scroll of amnesia {unknown}
 A - 5 scrolls of identify {unknown}
 D - 6 scrolls of enchant armour {unknown}
 G - a scroll of brand weapon {unknown}
 H - 3 scrolls of magic mapping
 I - a scroll of immolation {unknown}
 T - a scroll of vulnerability {unknown}
 V - a scroll of acquirement {unknown}
 W - a scroll of blinking {unknown}
Potions
 d - 3 potions of heal wounds
 f - a potion of haste
 p - 2 potions of brilliance {unknown}
 r - 2 potions of mutation
 s - 2 potions of ambrosia {unknown}
 v - 2 potions of flight {unknown}
 z - 7 potions of curing
 J - a potion of attraction {unknown}
 P - 2 potions of resistance {unknown}
 S - a potion of might {unknown}


   Skills:
 + Level 7.2 Fighting
 + Level 17.4 Long Blades
 - Level 2.1 Dodging
 - Level 4.1 Stealth
 + Level 7.4 Invocations


You had 10 spell levels left.
You didn't know any spells.
Your spell library contained the following spells:

 Spells                   Type           Power      Damage    Failure   Level
 Apportation              Tloc           0%         N/A       95%         1
 Magic Dart               Conj           0%         1d3       95%         1
 Ensorcelled Hibernation  Hex/Ice        0%         N/A       99%         2
 Passwall                 Tmut/Erth      0%         N/A       99%         2
 Searing Ray              Conj           0%         2d4       99%         2
 Static Discharge         Conj/Air       0%         N/A       99%         2
 Ignite Poison            Fire/Tmut/Pois 0%         N/A       100%        3
 Mephitic Cloud           Conj/Pois/Air  0%         N/A       100%        3
 Portal Projectile        Hex/Tloc       0%         N/A       100%        3
 Spider Form              Tmut/Pois      0%         N/A       100%        3
 Swiftness                Air            0%         N/A       100%        3
 Fulminant Prism          Conj/Hex       0%         3d6       100%        4
 Olgreb's Toxic Radiance  Pois           0%         N/A       100%        4
 Blade Hands              Tmut           0%         N/A       100%        5
 Excruciating Wounds      Necr           0%         N/A       100%        5
 Freezing Cloud           Conj/Ice/Air   0%         6-21      100%        5
 Lightning Bolt           Conj/Air       0%         1d11      100%        5
 Ozocubu's Refrigeration  Ice            0%         4d5       100%        7
 Ignition                 Fire           0%         3d3       100%        8
 Maxwell's Capacitive Co  Air            0%         ∞         100%        8
 Animate Skeleton         Necr           Unusable   N/A       N/A         1
 Summon Small Mammal      Summ           Unusable   N/A       N/A         1

Dungeon Overview and Level Annotations

Branches:
Dungeon (11/15)            Temple (1/1) D:7         Ossuary (visited)
   Lair: D:8-11         Orc: D:9-12

Altars:
Ashenzari
Cheibriados
Dithmenos
Elyvilon
Fedhas
Gozag
Hepliaklqana
Kikubaaqudgha
Makhleb
Nemelex Xobeh
Okawaru
Qazlal
Ru
Sif Muna
Trog
Uskayaw
Vehumet
Wu Jian
Xom
Yredelemnul
Zin
The Shining One

Annotations:
D:3 1 runed translucent door, Adrian566's ghost, amateur TrFi


Innate Abilities, Weirdness & Mutations

You have a pair of horns on your head.
You reflexively headbutt those who attack you in melee.
Your mind is acute. (Int +2)
You are strong-willed. (Will+)
You expend magic power (3 MP) to strengthen your wands.


Message History

The centaur warrior shouts!
Found five items.
There is a stone staircase leading up here.
A centaur warrior simulacrum comes into view.
The centaur warrior simulacrum moves out of view.
The centaur warrior wields a +0 shortbow.
The centaur warrior shoots an arrow.
The arrow hits you.
The centaur warrior shoots an arrow.
The arrow hits you!!
The centaur warrior shoots an arrow.
The arrow hits you!
A yaktaur and a cyclops come into view.
The yaktaur shouts!
The cyclops shouts!
The centaur warrior unwields a +0 shortbow.
The centaur warrior hits you but does no damage.
The centaur warrior kicks you but does no damage.
The cyclops throws a large rock.
The large rock barely misses you.
The yaktaur wields a +0 arbalest.
The yaktaur shoots a bolt.
The bolt closely misses you.
You slice the centaur warrior!!
Your headbutt misses the centaur warrior.
The centaur warrior is moderately wounded.
The centaur warrior hits you!
The centaur warrior kicks you but does no damage.
As you read the scroll of fear, it crumbles to dust.
You assume a fearsome visage.
The yaktaur resists with some effort.
The cyclops looks frightened!
The centaur warrior looks frightened!
The centaur warrior simulacrum is unaffected.
The yaktaur shoots a bolt.
The bolt hits you!
The centaur warrior cowers, then darts away.
The centaur warrior simulacrum barely misses you.
The centaur warrior simulacrum kicks you but does no damage.
There is a stone staircase leading up here.
The centaur warrior simulacrum hits you.
The centaur warrior simulacrum freezes you!!
* * * LOW HITPOINT WARNING * * *
The centaur warrior simulacrum kicks you but does no damage.
The centaur warrior simulacrum hits you but does no damage.
The centaur warrior simulacrum kicks you.
* * * LOW HITPOINT WARNING * * *
The centaur warrior simulacrum freezes you!
You die...

##############
#@Z....c......
#.............
#..####.####..
#..#.. ...
#..#.......#
#..#..$$).c#
#..#..$:$..#
#..#..:$(..#
#.. .......#


You could see a yaktaur and a centaur warrior simulacrum.

Vanquished Creatures
  3 two-headed ogres
  A deep elf pyromancer (D:8)
  A komodo dragon (D:10)
  A tengu conjurer (D:8)
  6 yaks (D:10)
  A shadow (D:10)
  3 steam dragons (D:8)
  An ice beast (D:6)
  6 orc warriors
  2 sky beasts
  A black bear (D:6)
  A necrophage (D:8)
  2 ogres
  4 centaurs
  A phantom (D:4)
  3 kobold brigands
  Blork the orc (D:6)
  3 bullfrogs
  5 scorpions
  A wyvern skeleton (D:7)
  7 wights
  6 killer bees (D:10)
  2 bullfrog zombies
  4 centaur zombies
  3 jellies
  Crazy Yiuf (D:6)
  An orc priest (D:6)
  A bullfrog skeleton (D:7)
  6 hounds
  Natasha (thrice) (D:2)
  3 iguanas
  11 orc wizards
  12 mummies (Ossuary)
  Robin (D:3)
  4 gnolls (D:3)
  A howler monkey skeleton (D:7)
  5 adders
  A white imp (D:6)
  2 ufetubi
  An adder skeleton (D:4)
  A worm (D:3)
  A dart slug (D:4)
  31 orcs
  8 ball pythons
  9 endoplasms
  4 giant cockroaches
  15 goblins
  10 hobgoblins
  5 jackals
  6 bats
  6 frilled lizards
  3 gnoll skeletons (Ossuary)
  2 goblin skeletons (Ossuary)
  20 kobolds
  2 kobold skeletons (Ossuary)
  An orc skeleton (Ossuary)
  4 rats
  11 rat skeletons (Ossuary)
261 creatures vanquished.

Vanquished Creatures (others)
  6 plants
6 creatures vanquished.

Grand Total: 267 creatures vanquished

Notes
Turn   | Place    | Note
-------+----------+-------------------------------------------
     0 | D:5      | bearlyready the Minotaur Delver began the quest for the
                  | Orb.
     0 | D:5      | Reached XP level 1. HP: 19/19 MP: 0/0
     8 | D:4      | Noticed a jelly
   300 | D:1      | Reached skill level 3 in Long Blades
   420 | D:1      | Reached XP level 2. HP: 22/26 MP: 1/1
   704 | D:1      | Reached skill level 4 in Long Blades
  1111 | D:1      | Reached XP level 3. HP: 30/31 MP: 2/2
  1366 | D:2      | Found a faded altar of an unknown god.
  1492 | D:2      | Noticed Natasha
  1499 | D:2      | Killed Natasha
  1500 | D:2      | Reached skill level 5 in Long Blades
  1571 | D:2      | Noticed Natasha
  1579 | D:2      | Killed Natasha
  1580 | D:2      | Reached XP level 4. HP: 27/39 MP: 3/3
  1713 | D:2      | Noticed Natasha
  1721 | D:2      | Killed Natasha
  1722 | D:2      | Reached skill level 6 in Long Blades
  2115 | D:3      | Found a runed translucent door.
  2117 | D:3      | Noticed Adrian566's ghost (amateur TrFi)
  2159 | D:3      | Reached XP level 5. HP: 38/45 MP: 4/4
  2388 | D:3      | Noticed Robin
  2432 | D:3      | Killed Robin
  2433 | D:3      | Reached skill level 7 in Long Blades
  3090 | D:4      | Reached skill level 8 in Long Blades
  3090 | D:4      | Reached XP level 6. HP: 43/51 MP: 5/5
  3583 | D:4      | Reached skill level 9 in Long Blades
  3591 | D:4      | Reached XP level 7. HP: 54/57 MP: 6/6
  4181 | D:5      | Reached skill level 10 in Long Blades
  4576 | D:5      | Reached skill level 11 in Long Blades
  4782 | D:5      | You fall into a shaft and drop 2 floors!
  4782 | D:7      | Found a staircase to the Ecumenical Temple.
  4786 | Temple   | Entered the Ecumenical Temple
  4987 | Temple   | Became a worshipper of Warmaster Okawaru
  5049 | D:7      | Reached XP level 8. HP: 52/64 MP: 7/7
  5061 | D:7      | Reached skill level 12 in Long Blades
  5068 | D:7      | Gained mutation: You expend magic power (3 MP) to
                  | strengthen your wands. [potion of mutation]
  5068 | D:7      | Gained mutation: You are strong-willed. (Will+) [potion of
                  | mutation]
  5068 | D:7      | Gained mutation: Your mind is acute. (Int +2) [potion of
                  | mutation]
  5095 | D:7      | Reached * piety under Okawaru
  5112 | D:7      | Found a sand-covered staircase.
  5124 | Ossuary  | Entered an ossuary
  5827 | D:7      | Reached skill level 13 in Long Blades
  6089 | D:7      | Identified the +6 spear of the Maze {flame, rF+ rC++ rCorr
                  | Stlth-}
  6662 | D:6      | Noticed Blork the orc
  6673 | D:6      | Reached skill level 14 in Long Blades
  6673 | D:6      | Reached XP level 9. HP: 52/70 MP: 8/8
  7013 | D:6      | Killed Blork the orc
  7113 | D:6      | Reached skill level 15 in Long Blades
  7121 | D:6      | Identified the +0 leather armour of Voama {rElec Int+2}
  7220 | D:6      | Found a snail-covered altar of Cheibriados.
  7240 | D:6      | Reached ** piety under Okawaru
  7441 | D:6      | Reached skill level 1 in Invocations
  7615 | D:6      | Found a runed translucent door.
  7616 | D:6      | Noticed Crazy Yiuf
  7787 | D:6      | Killed Crazy Yiuf
  8336 | D:8      | Reached skill level 16 in Long Blades
  8605 | D:8      | Identified the +1 ring mail of Wrong Decisions {-Cast rC+
                  | Regen+}
  8640 | D:8      | Noticed a tengu conjurer
  8653 | D:8      | Killed a tengu conjurer
  8654 | D:8      | Reached XP level 10. HP: 54/77 MP: 10/12
  8659 | D:8      | Reached *** piety under Okawaru
  8775 | D:8      | Noticed a deep elf pyromancer
  8791 | D:8      | Killed a deep elf pyromancer
  8999 | D:8      | Reached skill level 5 in Invocations
  9311 | D:8      | Noticed a gargoyle
  9312 | D:8      | Noticed a white ugly thing
  9318 | D:8      | Noticed a gargoyle
  9319 | D:8      | Noticed a gargoyle
  9989 | D:9      | Noticed a two-headed ogre
 10488 | D:9      | Killed a two-headed ogre
 10488 | D:9      | Received a gift from Okawaru
 10488 | D:9      | Reached **** piety under Okawaru
 10706 | D:9      | Reached skill level 5 in Fighting
 10989 | D:10     | Entered Level 10 of the Dungeon
 11042 | D:10     | Reached skill level 17 in Long Blades
 11062 | D:10     | Noticed a two-headed ogre
 11079 | D:10     | Killed a two-headed ogre
 11268 | D:10     | Noticed a two-headed ogre
 11429 | D:10     | Noticed a two-headed ogre
 11447 | D:10     | Reached ***** piety under Okawaru
 11447 | D:10     | Killed a two-headed ogre
 11448 | D:10     | Reached XP level 11. HP: 56/91 MP: 2/15
 11687 | D:10     | Identified the +8 rapier "Cystri" {protect, *Slow rC+
                  | Str+2}
 12005 | D:11     | Noticed a centaur warrior
 12018 | D:11     | Slain by a centaur warrior simulacrum

Illustrated notes

Levels and vault maps discovered:
D:1:      heliophobic_arrival_henge, layout_loops_ring, nrook_mini_vaults
D:2:      layout_loops_ring, chequers_ecumenical_altar_simple, uniq_natasha
D:3:      kennysheep_big_flooded_room, layout_loops_ring,
          hellmonk_ghost_happy_afterlife, guppyfry_early_orc_mine, uniq_robin
D:4:      layout_loops_cross, hangedman_decor_points, corexii_shack,
          minmay_fractal_squares_diagonal_5
D:5:      layout_rooms
D:6:      layout_cave_pools, mainiacjoe_overflow_24_doors,
          uniq_crazy_yiuf_cottage, uniq_blork_the_orc
D:7:      layout_basic, minmay_temple_entry_junction,
          chequers_ossuary_entry_cave
D:8:      layout_cave_pools, dilly_guarded_unrand_elemental_staff
D:9:      layout_small_grid
D:10:     layout_roguey, serial_park_tiny_pond
D:11:     cheibrodos_elevator_heist, layout_irregular_city, david_lair_shrubbed,
          gammafunk_ghost_wrathful_warriors, minmay_fire_ice_demons,
          uniq_maurice
Temple:   minmay_crystal_snake_temple

Skill      XL: |  1  2  3  4  5  6  7  8  9 10 11 |
---------------+----------------------------------+-----
Long Blades    | 3 4 5 6 8 9 11 14 16 17 | 17.4
Invocations    | 4 7 |  7.4
Fighting       | 6 7 |  7.2
Dodging        | |  2.1
Stealth        | |  4.1

Action                   |  1- 3 |  4- 6 |  7- 9 | 10-12 || total
-------------------------+-------+-------+-------+-------++-------
Melee: Falchion          |    81 |   153 |    52 |       ||   286
       Headbutt          |    10 |    26 |    69 |    23 ||   128
       Scimitar          |       |       |   284 |   140 ||   424
Throw: Dart              |       |       |       |    15 ||    15
       Boomerang         |       |       |       |     2 ||     2
Evoke: Wand              |       |       |       |     8 ||     8
  Use: Scroll            |       |       |     2 |     1 ||     3
       Potion            |       |       |     3 |       ||     3
 Stab: Sleeping          |     3 |     1 |       |       ||     4
       Distracted        |       |       |     1 |       ||     1
Armor: Leather armour    |     5 |       |       |       ||     5
       Ring mail         |    27 |       |       |       ||    27
       Scale mail        |     8 |     9 |       |       ||    17
       Storm dragon scal |       |    85 |   155 |    63 ||   303
Dodge: Dodged            |    57 |    49 |   111 |    62 ||   279

Table legend: (Time is in decaauts)
 A = Elapsed time spent in this place.
 B = Non-inter-level travel time spent in this place.
 C = Inter-level travel time spent in this place.
 D = Time resting spent in this place.
 E = Time spent auto-exploring this place.
 F = Levels seen in this place.
 G = Mean time per level.
                   A        B        C        D        E       F      G
               +--------+--------+--------+--------+--------+-----+--------+
         Total |  11900 |  11302 |    598 |   1149 |   7929 |  13 |  915.4 |
       Dungeon |  11048 |  10470 |    578 |   1149 |   7391 |  11 | 1004.4 |
        Temple |    222 |    202 |     20 |      0 |     87 |   1 |  222.0 |
       Ossuary |    629 |    629 |      0 |      0 |    451 |   1 |  629.0 |
               +--------+--------+--------+--------+--------+-----+--------+

Top non-repeatable levels by time:
     D:7: 1761 daAuts
     D:8: 1455 daAuts
     D:3: 1301 daAuts
     D:1: 1123 daAuts
     D:4: 1032 daAuts
    D:10: 957 daAuts
     D:5: 934 daAuts
     D:6: 874 daAuts
     D:9: 850 daAuts
     D:2: 745 daAuts
 Ossuary: 629 daAuts
  Temple: 222 daAuts
    D:11: 12 daAuts
